 Dungeon Crawl Stone Soup version 0.26-a0-940-gf7e0b5f775 (webtiles) character file.

Game seed: 16532489807502035517

829947 miscthings the Cloud Mage (level 27, -3/205 HPs)
             Began as a Halfling Hunter on Nov 27, 2020.
             Was the Champion of the Shining One.
             Slain by a tentacled monstrosity (5 damage)
             ... summoned by Mnoleg
             ... in Pandemonium on Nov 28, 2020.
             The game lasted 04:27:10 (89902 turns).

miscthings the Cloud Mage (Halfling Hunter)        Turns: 89902, Time: 04:27:11

Health: -3/205     AC: 26    Str: 30      XL:     27
Magic:  11/42      EV: 24    Int: 26 (28) God:    the Shining One [******]
Gold:   1782       SH: 24    Dex: 18      Spells: 27/56 levels left

rFire    + + .     SeeInvis +   w - +7 hunting sling "Xacesi" {venom, rElec Int+4}
rCold    + + +     Faith    .   j - +5 kite shield {reflect}
rNeg     + + +     Spirit   .   U - +1 chain mail of the Tanner {rF+ rC++ Stlth+}
rPois    .         Reflect  +   y - +2 helmet {SInv}
rElec    +         Harm     .   z - scarf {rC+ rF+}
rCorr    .         Rampage  .   Z - +2 pair of gloves {Dex+3}
MR       +++..                  o - +2 pair of boots
Stlth    +.........             X - amulet "Xoinon" {rN+ Regen+ Str+7}
HPRegen  0.84/turn              u - ring of Niprongu {*Slow MR+ Str+8 Int+8}
MPRegen  0.28/turn              x - ring of wizardry

@: brilliant, lethally poisoned (-3 -> -3), very slightly contaminated, slowed,
glowing, constricted, very slow
A: small, icy blue scales 1, clumsy 2, deformed body, mutation resistance 1
}: 6/15 runes: serpentine, barnacled, slimy, silver, abyssal, dark
a: Divine Shield, Cleansing Flame, Summon Divine Warrior, Renounce Religion


You were in Pandemonium.
You worshipped the Shining One.
The Shining One was exalted by your worship.
You visited 12 branches of the dungeon, and saw 58 of its levels.
You visited Pandemonium 2 times, and saw 6 of its levels.
You visited the Abyss 4 times.
You visited 1 ziggurat, and saw 12 of its levels.
You also visited: Trove and Desolation.

You collected 11405 gold pieces.
You spent 9623 gold pieces at shops.

Inventory:

Hand Weapons
 v - a +7 fustibalus of holy wrath
 w - the +7 hunting sling "Xacesi" (weapon) {venom, rElec Int+4}
   (You took it off a spriggan on level 3 of the Depths)

   It poisons the ammo it fires.
   It affects your intelligence (+4).
   It insulates you from electricity.
 W - a +9 fustibalus of freezing
Missiles
 d - 320 sling bullets (quivered)
 A - 538 stones
 H - 10 throwing nets
 V - 29 curare-tipped darts
Armour
 j - a +5 kite shield of reflection (worn)
 o - a +2 pair of boots (worn)
 s - the +9 scales of the Dragon King {rPois rF+ rC+ MR+}
   (You found it on level 7 of a ziggurat)

   It protects you from fire.
   It protects you from cold.
   It protects you from poison.
   It affects your resistance to hostile enchantments.
 y - a +2 helmet of see invisible (worn)
 z - a scarf of resistance (worn)
 U - the +1 chain mail of the Tanner (worn) {rF+ rC++ Stlth+}
   (You found it in the Desolation of Salt)

   It protects you from fire.
   It greatly protects you from cold.
   It makes you more stealthy.
 Z - a +2 pair of gloves of dexterity (worn)
Jewellery
 l - the ring "Keerghi" {Fire rElec MR++ SInv Stlth-}
   (You found it on level 5 of the Pits of Slime)

   [ring of fire]

   It enhances your fire magic.
   It protects you from fire.
   It makes you vulnerable to cold.
   It insulates you from electricity.
   It affects your resistance to hostile enchantments.
   It lets you see invisible.
   It makes you less stealthy.
 u - the ring of Niprongu (left hand) {*Slow MR+ Str+8 Int+8}
   (You found it in a treasure trove)

   [ring of protection from magic]

   It affects your strength (+8).
   It affects your intelligence (+8).
   It affects your resistance to hostile enchantments.
   It may slow you when you take damage.
 x - a ring of wizardry (right hand)
 J - the ring "Teevvon" {rC+ Int+6 Stlth+}
   (You found it in a treasure trove)

   [ring of protection from cold]

   It affects your intelligence (+6).
   It protects you from cold.
   It makes you more stealthy.
 S - the ring "Zahesib" {*Corrode rPois rF+ Int+4 Dex+6}
   (You found it on level 5 of the Pits of Slime)

   [ring of dexterity]

   It affects your intelligence (+4).
   It affects your dexterity (+6).
   It protects you from fire.
   It protects you from poison.
   It may corrode you when you take damage.
 X - the amulet "Xoinon" (around neck) {rN+ Regen+ Str+7}
   (You found it in the Desolation of Salt)

   [amulet of regeneration]

   It affects your strength (+7).
   It protects you from negative energy.
   It increases your rate of regeneration.
Wands
 a - a wand of acid (38)
 e - a wand of digging (11)
 t - a wand of paralysis (62)
 G - a wand of iceblast (29)
Scrolls
 c - 16 scrolls of blinking
 f - 27 scrolls of identify {@r1}
 k - 9 scrolls of immolation
 n - 7 scrolls of remove curse
 q - 26 scrolls of teleportation
 r - 14 scrolls of fog
 B - 10 scrolls of magic mapping
 C - 3 scrolls of summoning
 F - a scroll of silence
 I - 6 scrolls of holy word
 L - 6 scrolls of vulnerability
Potions
 b - 12 potions of lignification
 g - 24 potions of curing
 h - 14 potions of cancellation
 i - 15 potions of heal wounds
 m - 5 potions of haste
 D - 7 potions of flight
 E - 8 potions of brilliance
 K - 8 potions of mutation
 M - 8 potions of ambrosia
 O - 10 potions of attraction
 P - 5 potions of magic
 Q - 4 potions of resistance
 T - 7 potions of might
Miscellaneous
 p - a box of beasts
 N - a phantom mirror
 R - a tin of tremorstones (2/2)
 Y - a lightning rod (4/4)


   Skills:
 - Level 21.2 Fighting
 - Level 21.0 Slings
 - Level 20.1 Armour
 - Level 20.0 Dodging
 - Level 7.6 Stealth
 - Level 22.0 Shields
 + Level 15.4 Spellcasting
 - Level 10.0 Conjurations
 - Level 3.0 Hexes
 - Level 2.5 Necromancy
 - Level 5.0 Translocations
 * Level 26.0 Air Magic
 - Level 3.2 Earth Magic
 - Level 15.0 Invocations
 - Level 13.0 Evocations


You had 27 spell levels left.
You knew the following spells:

 Your Spells              Type           Power        Failure   Level
a - Tornado               Air            ########..   6%          9
b - Apportation           Tloc           ######       1%          1
c - Swiftness             Air            ########     0%          2
d - Conjure Ball Lightni  Conj/Air       ########..   1%          6
e - Chain Lightning       Conj/Air       ########..   12%         8
z - Portal Projectile     Hex/Tloc       ######       1%          3

Your spell library contained the following spells:

 Spells                   Type           Power        Failure   Level
 Shock                    Conj/Air       ####         0%          1
 Static Discharge         Conj/Air       ########     0%          3
 Airstrike                Air            ########..   0%          4
 Animate Skeleton         Necr           ######       1%          1
 Corona                   Hex            ######.      1%          1
 Foxfire                  Conj/Fire      ####         1%          1
 Magic Dart               Conj           ####         1%          1
 Pain                     Necr           ####         1%          1
 Sandblast                Erth           ######       1%          1
 Blink                    Tloc           N/A          1%          2
 Corpse Rot               Necr/Air       N/A          1%          2
 Poisonous Vapours        Pois/Air       ######       1%          2
 Slow                     Hex            ######..     1%          2
 Sublimation of Blood     Necr           ######....   1%          2
 Conjure Flame            Conj/Fire      ######..     1%          3
 Dazzling Flash           Conj/Hex       ######       1%          3
 Gell's Gravitas          Tloc           ######....   1%          3
 Mephitic Cloud           Conj/Pois/Air  #######.     1%          3
 Stone Arrow              Conj/Erth      ######       1%          3
 Teleport Other           Tloc           ######..     1%          3
 Summon Lightning Spire   Summ/Air       #######.     1%          4
 Iskenderun's Battlesphe  Conj           #######.     1%          5
 Lightning Bolt           Conj/Air       ########..   1%          5
 Silence                  Hex/Air        #######...   1%          5
 Beastly Appendage        Tmut           ####..       2%          1
 Freeze                   Ice            ####         2%          1
 Sting                    Tmut/Pois      ####         2%          1
 Summon Small Mammal      Summ           ####         2%          1
 Ensorcelled Hibernation  Hex/Ice        #####.       2%          2
 Passwall                 Tmut/Erth      #####...     2%          2
 Confusing Touch          Hex            ######..     2%          3
 Tukima's Dance           Hex            ######..     2%          3
 Hailstorm                Conj/Ice       ######..     3%          4
 Passage of Golubria      Tloc           N/A          3%          4
 Sticky Flame             Conj/Fire      ######..     3%          4
 Freezing Cloud           Conj/Ice/Air   #######...   3%          6
 Call Imp                 Summ           ####....     4%          2
 Inner Flame              Hex/Fire       #####...     4%          3
 Summon Guardian Golem    Hex/Summ       #####...     4%          3
 Call Canine Familiar     Summ           ####....     9%          3
 Frozen Ramparts          Ice            ####..       9%          3
 Ignite Poison            Fire/Tmut/Pois ####....     9%          3
 Ozocubu's Armour         Ice            ####....     9%          3
 Spider Form              Tmut/Pois      ####......   9%          3
 Cause Fear               Hex            ######....   9%          4
 Dispel Undead            Necr           ######..     10%         4
 Fireball                 Conj/Fire      ######....   10%         5
 Irradiate                Conj/Tmut      ######....   10%         5
 Bolt of Magma            Conj/Fire/Erth ######....   12%         5
 Petrify                  Tmut/Erth      #####...     14%         4
 Lee's Rapid Deconstruct  Erth           ######....   21%         5
 Borgnjor's Vile Clutch   Necr/Erth      ######....   22%         5
 Ice Form                 Ice/Tmut       ####....     26%         4
 Olgreb's Toxic Radiance  Pois           ####....     26%         4
 Summon Ice Beast         Ice/Summ       ####....     26%         4
 Agony                    Necr           ######..     26%         5
 Excruciating Wounds      Necr           ######....   26%         5
 Summon Forest            Summ/Tloc      #####.....   26%         5
 Iron Shot                Conj/Erth      ######....   26%         6
 Orb of Destruction       Conj           #######...   34%         7
 Metabolic Englaciation   Hex/Ice        #####.....   38%         5
 Summon Mana Viper        Hex/Summ       #####...     38%         5
 Yara's Violent Unravell  Hex/Tmut       #####.....   38%         5
 Dispersal                Tloc           ######....   45%         6
 Starburst                Conj/Fire      ######....   45%         6
 Blade Hands              Tmut           ####......   56%         5
 Summon Demon             Summ           ####......   56%         5
 Invisibility             Hex            ######..     73%         6
 Simulacrum               Ice/Necr       #####.....   91%         6
 Spellforged Servitor     Conj/Summ      ######....   95%         7
 Eringya's Noxious Bog    Tmut/Pois      ####......   98%         6
 Hydra Form               Tmut           ####......   98%         6
 Ozocubu's Refrigeration  Ice            ####......   98%         6
 Shadow Creatures         Summ           N/A          98%         6
 Malign Gateway           Summ/Tloc      #####.....   100%        7
 Monstrous Menagerie      Summ           ####......   100%        7
 Summon Greater Demon     Summ           ####......   100%        7
 Summon Hydra             Summ           ####......   100%        7
 Discord                  Hex            ######....   100%        8
 Disjunction              Tloc           ######....   100%        8
 Ignition                 Fire           ####......   100%        8
 Lehudib's Crystal Spear  Conj/Erth      ######....   100%        8
 Summon Horrible Things   Summ           ####......   100%        8
 Absolute Zero            Ice            ####......   100%        9
 Fire Storm               Conj/Fire      ######....   100%        9
 Shatter                  Erth           ######....   100%        9


Dungeon Overview and Level Annotations

Branches:
Dungeon (15/15)            Temple (1/1) D:7            Lair (6/6) D:9
 Shoals (4/4) Lair:3        Snake (4/4) Lair:2        Slime (5/5) Lair:5
    Orc (2/2) D:10            Elf (3/3) Orc:2        Vaults (5/5) D:14
  Crypt (3/3) Vaults:2       Tomb (0/3) Crypt:3      Depths (5/5) D:15
    Zot (5/5) Depths:5    Desolation (visited)

Altars:
Ashenzari
Cheibriados
Dithmenos
Elyvilon
Fedhas
Gozag
Hepliaklqana
Kikubaaqudgha
Makhleb
Nemelex Xobeh
Okawaru
Qazlal
Ru
Sif Muna
Trog
Uskayaw
Vehumet
Wu Jian
Xom
Yredelemnul
Zin
The Shining One
Beogh
Jiyva
Lugonu

Shops:
D:9 }   D:10 :   D:11 !   Orc:2 *=*(   Elf:3 (   Shoals:4 }   Snake:1 =
Snake:4 }([(   Depths:3 (   Depths:4 *

Portals:
Hell: Depths:1 Depths:2 Depths:3 Depths:4 Depths:5
Abyss: Crypt:2 Depths:3 Depths:4 Depths:5
Pandemonium: Depths:3 Depths:4

Annotations:
D:4 2 runed translucent doors, Glucose's ghost, amateur HuFi
D:9 2 runed translucent doors
Crypt:2 2 transporters, Houmnergh's ghost, master GnTm
Zot:3 3 runed translucent doors, exclusion: obsidian statue, wilo's ghost, master MfBe
Zot:5 1 exclusion
Pan Mnoleg


Innate Abilities, Weirdness & Mutations

You are small and have problems with some larger weapons.
You are somewhat resistant to further mutation.
You are partially covered in icy blue scales. (AC +2)
You are very clumsy. (Dex -4)
Armour fits poorly on your strangely shaped body.


Message History

* * * LOW HITPOINT WARNING * * *
You block Mnoleg's attack. Mnoleg tentacle-slaps you.
* * * LOW HITPOINT WARNING * * *
Your body twists and deforms.
Mnoleg gores you.
* * * LOW HITPOINT WARNING * * *
You block Mnoleg's attack.
The tentacled monstrosity tentacle-slaps you but does no damage.
The tentacled monstrosity misses you.
You block the tentacled monstrosity's attack.
The Shining One protects you from harm!
The tentacled monstrosity constricts you.
The tentacled monstrosity completely misses you. x2
The tentacled monstrosity tentacle-slaps you but does no damage.
Mnoleg gestures at you. The bolt of poison misses you.
The tentacled monstrosity tentacle-slaps you but does no damage.
The tentacled monstrosity closely misses you.
The tentacled monstrosity tentacle-slaps you but does no damage.
You die...

,,,,,,*...#*#####...########***,,
,,,,,,*....#* ##...## **,,,
*******.....###.2[## **,,,, *
*,,#...#...## **,,,*, *
*,,*#.....## **,,,*** *
*,,*##...## **,,,** * * *,,*
##...## **,,,** * *,,* ##...##
**,,,** *,,* ##.@X## **,,,** *,,*
##X&2###§..** * *,,* ##XX.....#*
** *,,* ##G....##* **, *,,*
#...Λ...#* **,, *,,* #../.*.#φ*
**,,* *,,* #.w.....#***,,** *,,*
#.....###**,,**
*,,********#.....#***,,****


You could see Mnoleg, 4 tentacled monstrosities, an eldritch tentacle, a
cacodemon (strong) and a shining eye (summoned).

Vanquished Creatures
  Gloorx Vloq (Pan)
  the Royal Jelly (Slime:5)
  An orb of fire (Zot:1)
  Mennas (Vaults:5)
  Mara (Vaults:4)
  6 pandemonium lords
  A juggernaut (Depths:1)
  An ancient lich (Vaults:5)
  A royal mummy (Zig:12)
  Bai Suzhen (Depths:1)
  A Killer Klown (Zot:5)
  Xtahua (Depths:4)
  Frederick (Depths:4)
  Margery (Vaults:2)
  Vashnia (Snake:2)
  Saint Roka (Depths:1)
  8 caustic shrikes
  13 golden dragons
  A curse toe (Zot:3)
  A profane servitor (Crypt:3)
  Nikola (Elf:2)
  Jory (Vaults:4)
  2 bone dragons
  2 electric golems
  4 Brimstone Fiends
  2 Hell Sentinels (Zig:9)
  An Ice Fiend (Pan)
  3 Orb Guardians (Zot:5)
  18 tentacled monstrosities
  8 liches
  The ghost of Buvar the Executioner, an adept MiBe of Trog (Shoals:2)
  Jorgrun (D:12)
  The ghost of Cuzxex the Executioner, an adept MiFi of Okawaru (Elf:2)
  7 deep elf blademasters
  Asterion (Depths:1)
  17 titans
  7 deep elf master archers
  17 acid blobs
  9 quicksilver dragons
  13 Executioners (Pan)
  4 sphinxes
  The ghost of Latzuirhuv the Whirler, an adept HaHu of Okawaru (Depths:4)
  5 death cobs
  13 tentacled starspawn
  Frances (Snake:2)
  A sphinx (shapeshifter) (Depths:4)
  Agnes (D:14)
  A thorn hunter (Zig:10)
  4 ancient champions (Crypt:2)
  16 storm dragons
  12 nagarajas
  7 tengu reavers
  6 draconian monks
  Donald (Shoals:2)
  10 shadow dragons
  Kirke (Snake:1)
  12 azure jellies
  10 fire giants
  12 vault wardens
  Ilsuiw (Shoals:3)
  3 iron dragons
  18 frost giants
  5 deep elf sorcerers
  4 ghost moths
  4 draconian knights
  2 imperial myrmidons (Desolation)
  5 curse skulls
  A draconian shifter (Depths:3)
  A balrug (Zig:8)
  6 draconian scorchers
  14 cacodemons
  2 warmongers
  An emperor scorpion (Zig:11)
  7 draconian stormcallers
  4 orc warlords
  The ghost of willcat the Thaumaturge, a journeyman DEVM of Gozag (Orc:2)
  12 ghouls
  8 deep elf elementalists
  3 war gargoyles
  27 stone giants
  4 draconian annihilators
  2 blood saints
  5 spriggan defenders
  24 very ugly things
  10 ironheart preservers
  8 vampire knights
  A reaper (Depths:4)
  13 deep elf demonologists
  2 entropy weavers
  15 yellow draconians
  12 black draconians
  3 corrupters
  3 lorocyprocas
  11 deep elf annihilators
  10 purple draconians
  4 halazid warlocks (Desolation)
  10 ettins
  15 green draconians
  2 bunyips (Zig:10)
  8 red draconians
  9 spark wasps
  An eleionoma (Zig:10)
  4 blizzard demons (Pan)
  9 deep elf death magi
  4 green deaths
  15 white draconians
  7 eidola
  4 merfolk javelineers
  13 jiangshi
  2 mummy priests
  8 death oozes (Slime:5)
  8 fire dragons
  2 shambling mangroves (Zig:10)
  A quicksilver dragon zombie (Crypt:2)
  10 merfolk impalers
  17 yaktaur captains
  2 deep elf high priests
  5 rakshasas
  29 vault guards
  A quicksilver dragon skeleton (Pan)
  13 naga warriors
  A monstrous demonspawn (Pan)
  5 ragged hierophants (Desolation)
  11 great orbs of eyes
  4 peacekeepers (Desolation)
  7 boulder beetles
  11 ice dragons
  8 servants of whispers (Desolation)
  3 hell beasts
  An ice dragon (shapeshifter) (Vaults:5)
  A ghost crab (Zig:10)
  4 catoblepae
  4 spriggan air magi
  An alligator snapping turtle (Shoals:3)
  9 hydras
  22 anacondas
  7 death knights
  A fenstrider witch skeleton (Crypt:1)
  8 centaur warriors
  16 deep troll shamans
  5 death yaks (Lair:6)
  4 merfolk avatars
  3 death scarabs (Zig:12)
  2 alligators (Zig:10)
  A merfolk aquamancer (Shoals:4)
  57 two-headed ogres
  14 tengu warriors
  19 ogre magi
  27 dancing weapons
  4 satyrs
  8 deep troll earth magi
  10 thrashing horrors
  8 vampire magi
  A titan zombie (Crypt:3)
  Urug (Orc:1)
  6 orc high priests
  3 spriggan berserkers
  9 shock serpents
  21 naga sharpshooters
  Nergalle (Lair:4)
  7 salamander mystics
  21 soul eaters
  4 iron trolls (Depths:2)
  7 wretched stars
  4 sun demons
  34 deep elf knights
  22 skeletal warriors
  13 sixfirhies
  7 shadow wraiths
  2 titan skeletons
  5 flayed ghosts
  2 spark wasp zombies (Zig:12)
  25 sea snakes
  36 deep trolls
  A spatial maelstrom (Abyss:3)
  7 unseen horrors
  4 wizards
  2 infernal demonspawn
  A glowing orange brain (shapeshifter) (Depths:4)
  4 gelid demonspawn (Pan)
  17 hell knights
  2 glowing orange brains
  6 shadow demons (Pan)
  3 torturous demonspawn (Pan)
  2 orange crystal statues
  A sea snake (shapeshifter) (Vaults:5)
  2 swamp dragons (Zig:10)
  25 deep elf archers
  An obsidian statue (Zig:10)
  29 large abominations
  20 orc knights
  5 naga ritualists
  A harpy (shapeshifter) (Depths:1)
  19 phantasmal warriors
  4 lindwurms (Snake:4)
  A bog body (Crypt:2)
  A wolf spider zombie (D:14)
  2 orb spiders (Zig:11)
  Pikel (D:8)
  28 harpies
  15 ironbrand convokers
  6 necromancers
  5 oklob plants
  An iron dragon zombie (Crypt:1)
  68 deep elf magi
  An anaconda skeleton (Crypt:1)
  7 mana vipers (Snake:4)
  A shining eye (shapeshifter) (D:13)
  45 ugly things
  9 orc sorcerers
  24 fauns
  11 salamanders
  4 shining eyes
  2 stone giant zombies (Crypt:3)
  A shadow dragon skeleton (Depths:3)
  11 wolf spiders
  10 cyclopes
  5 elephants (Lair:5)
  30 moths of wrath
  A will-o-the-wisp (Zig:10)
  5 acid dragons
  16 manticores
  2 fire giant skeletons (Zig:12)
  4 water nymphs
  A cyclops (shapeshifter) (Vaults:5)
  An iron dragon skeleton (Zig:12)
  A manticore (shapeshifter) (Vaults:5)
  11 merfolk sirens
  11 vault sentinels
  13 guardian serpents
  2 ice statues (Zig:10)
  3 rust devils
  22 naga magi
  29 black mambas
  2 apocalypse crabs
  A guardian serpent (shapeshifter) (Vaults:5)
  17 orange demons
  A stone giant skeleton (Pan)
  An eye of devastation (Slime:1)
  An eye of devastation (shapeshifter) (Depths:3)
  A gargoyle (D:15)
  9 smoke demons
  15 cane toads
  A dire elephant skeleton (Pan)
  A green draconian zombie (Crypt:1)
  6 rime drakes
  A molten gargoyle (Desolation)
  A purple draconian zombie (Crypt:3)
  27 yaktaurs
  13 demonic crawlers
  2 hellions
  7 freezing wraiths
  7 tormentors
  4 ice devils
  4 tengu conjurers
  A harpy zombie (Crypt:3)
  14 komodo dragons
  2 queen bees
  6 hellwings
  4 ancient zymes (Abyss:1)
  9 guardian mummies
  A red draconian skeleton (Crypt:2)
  4 red devils
  4 jumping spiders
  25 merfolk
  2 polar bears
  7 meliai
  A golden dragon simulacrum (Abyss:3)
  17 hornets
  A tyrant leech (Zig:10)
  49 saltlings (Desolation)
  10 wind drakes
  A fire dragon zombie (Crypt:1)
  A shadow dragon simulacrum (Crypt:1)
  80 slime creatures
  16 blink frogs
  A blink frog (shapeshifter) (Depths:5)
  A jumping spider zombie (Crypt:2)
  5 trolls
  14 dream sheep
  A raiju (shapeshifter) (Vaults:5)
  4 ettin zombies
  An ice dragon zombie (Crypt:3)
  10 snapping turtles
  7 raiju (Abyss:1)
  2 air elementals
  4 wraiths
  A deep troll zombie (Zig:3)
  12 flying skulls
  2 ettin skeletons
  52 yaks
  13 spriggans
  2 fire dragon skeletons (Crypt:1)
  14 ynoxinuls
  An ice dragon skeleton (Crypt:1)
  8 redbacks
  8 water elementals
  3 fire bats (Abyss:1)
  2 shadows
  2 tarantellas (Zig:11)
  A tarantella (shapeshifter) (Vaults:1)
  2 basilisks
  A yak (shapeshifter) (Depths:2)
  3 ushabtiu
  8 wyverns
  4 fire elementals
  A fire bat (shapeshifter) (Vaults:5)
  7 golden eyes
  2 hogs (Snake:1)
  24 neqoxecs
  8 humans (D:14)
  4 steam dragons (Shoals:4)
  3 vampire mosquitoes (D:13)
  12 chaos spawn
  A swamp worm (D:10)
  A merfolk zombie (Crypt:3)
  14 water moccasins
  11 wargs
  24 nagas
  3 soldier ants
  A cane toad zombie (Crypt:3)
  A hell hound (Depths:5)
  3 floating eyes
  40 orc warriors
  3 ice beasts
  4 phantoms
  10 sky beasts
  7 eyes of draining
  A swamp drake (shapeshifter) (D:15)
  16 necrophages
  2 black bears
  A snapping turtle zombie (Crypt:3)
  7 boggarts
  17 centaurs
  A torpor snail zombie (Crypt:2)
  53 ogres
  2 elf skeletons
  33 wolves
  A manticore skeleton (Pan)
  A human skeleton (Vaults:3)
  An earth elemental (Elf:2)
  25 bullfrogs
  A gnoll sergeant (D:12)
  2 wyvern zombies
  A draconian skeleton (Crypt:1)
  8 wyvern skeletons (Crypt:3)
  4 scorpions
  14 killer bees (D:12)
  30 wights
  7 howler monkeys
  2 vampire bats (D:3)
  8 jellies
  12 electric eels
  4 crimson imps
  A bullfrog zombie (D:9)
  15 starcursed masses
  2 centaur zombies
  8 quasits
  10 hounds
  A bullfrog skeleton (D:4)
  24 orc wizards
  27 orc priests
  5 centaur skeletons
  3 iron imps
  Ijyb (D:5)
  A basilisk skeleton (Crypt:1)
  16 small abominations
  11 iguanas
  A lightning spire (Zot:2)
  7 worker ants
  A worker ant (shapeshifter) (Vaults:5)
  A dwarf zombie (Crypt:1)
  A naga zombie (Crypt:3)
  A bullfrog simulacrum (D:12)
  A naga skeleton (Pan)
  A tengu skeleton (Crypt:1)
  4 hound zombies
  7 mummies (Zig:12)
  A worker ant zombie (D:11)
  A howler monkey zombie (D:6)
  14 gnolls
  9 adders
  A steam dragon zombie (Crypt:2)
  A tengu simulacrum (Crypt:2)
  4 shadow imps
  10 white imps
  16 ufetubi
  An ooze (D:1)
  An adder zombie (D:6)
  4 adder skeletons
  2 dart slugs
  9 leopard geckos
  72 orcs
  3 bat skeletons (D:3)
  3 bat zombies (D:3)
  4 giant cockroaches
  7 goblins
  4 hobgoblins
  8 jackals
  9 quokkas
  A ball python (D:6)
  8 bats
  8 frilled lizards
  A frilled lizard skeleton (Crypt:2)
  9 kobolds
  3 leopard gecko skeletons
  5 rats
  A rat zombie (Crypt:1)
  3 briar patches (Zig:10)
  4 crawling corpses
  A lurking horror (Abyss:3)
  4 starspawn tentacles
3203 creatures vanquished.

Vanquished Creatures (collateral kills)
  2 golden dragons (Vaults:5)
  An electric golem (Zot:2)
  2 tentacled monstrosities (Vaults:5)
  2 titans (Vaults:5)
  A death cob (Zot:2)
  A sphinx (Vaults:5)
  2 shadow dragons
  A fire giant (Elf:1)
  A draconian knight (Zot:1)
  3 ghouls
  A vault warden (Vaults:5)
  A draconian shifter (Depths:5)
  A draconian stormcaller (Zot:1)
  A stone giant (Vaults:5)
  A black draconian (Zot:1)
  2 green draconians (Zot:1)
  A purple draconian (Zot:1)
  2 ettins (Vaults:5)
  A deep elf high priest (Vaults:5)
  A hydra (Lair:2)
  4 vault guards (Vaults:5)
  A dancing weapon (Vaults:5)
  A tengu warrior (Depths:1)
  A titan zombie (Crypt:3)
  3 soul eaters (Pan)
  A hell knight (Vaults:5)
  3 sun demons (Pan)
  3 skeletal warriors (Crypt:2)
  A ghost moth zombie (Crypt:3)
  An anaconda zombie (Crypt:3)
  A shadow demon (Pan)
  A deep troll (Vaults:5)
  A flayed ghost (Crypt:2)
  A glowing orange brain (shapeshifter) (Vaults:5)
  A large abomination (Vaults:5)
  3 ironbrand convokers (Vaults:5)
  A wolf spider zombie (Crypt:2)
  4 phantasmal warriors
  A shadow dragon zombie (Crypt:3)
  An orc sorcerer (Vaults:5)
  An elephant (Lair:4)
  A moth of wrath (Zot:1)
  A smoke demon (Pan)
  A komodo dragon (shapeshifter) (Vaults:5)
  A hellion (Pan)
  2 orange demons (Pan)
  A komodo dragon (D:9)
  A dire elephant skeleton (Crypt:2)
  3 freezing wraiths
  2 demonic crawlers (Pan)
  A guardian mummy (Crypt:3)
  A troll (Vaults:5)
  An alligator zombie (Crypt:3)
  7 wraiths
  2 neqoxecs (Pan)
  2 orc warriors (Vaults:5)
  A necrophage (Crypt:2)
  An ogre (D:9)
  An ice dragon simulacrum (Crypt:2)
  A fire crab zombie (Crypt:2)
  6 wyvern skeletons (Crypt:3)
  2 wights (D:9)
  An orc wizard (D:9)
  A mummy (Crypt:3)
  3 orcs (Vaults:5)
107 creatures vanquished.

Vanquished Creatures (others)
  A death cob (Zot:3)
  An Executioner (Zig:8)
  A tengu reaver (Vaults:4)
  A frost giant (Depths:3)
  A fire giant (Zig:7)
  A draconian shifter (Zot:1)
  A white draconian (Zot:1)
  A black mamba (Lair:2)
  A deep elf mage (Vaults:4)
  21 ball lightnings
  A wizard (D:8)
  A komodo dragon (Lair:4)
  A red devil (Zig:1)
  3 yaks (D:9)
  An air elemental (Elf:2)
  4 humans
  An orc (Vaults:4)
  4 foxfires (Zig:10)
  12 fungi
  276 plants
  24 starspawn tentacles
  9 withered plants (Crypt:3)
367 creatures vanquished.

Grand Total: 3677 creatures vanquished

Notes
Turn   | Place    | Note
-------+----------+-------------------------------------------
     0 | D:1      | miscthings the Halfling Hunter began the quest for the Orb.
     0 | D:1      | Reached XP level 1. HP: 14/14 MP: 1/1
   188 | D:1      | Reached XP level 2. HP: 19/19 MP: 2/2
   397 | D:1      | Reached XP level 3. HP: 24/24 MP: 3/3
   965 | D:2      | Reached XP level 4. HP: 29/29 MP: 4/4
  1081 | D:2      | Found a faded altar of an unknown god.
  1187 | D:2      | Reached XP level 5. HP: 32/34 MP: 5/5
  1946 | D:3      | Reached XP level 6. HP: 37/39 MP: 6/6
  2077 | D:3      | Reached skill level 10 in Slings
  2742 | D:3      | Found a sparkling altar of Nemelex Xobeh.
  2749 | D:3      | Reached XP level 7. HP: 44/44 MP: 7/7
  3056 | D:3      | Found an ancient bone altar of Kikubaaqudgha.
  3370 | D:4      | Found a runed translucent door.
  3377 | D:4      | Noticed Glucose's ghost (amateur HuFi)
  3629 | D:4      | Found a runed translucent door.
  4337 | D:5      | Entered Level 5 of the Dungeon
  4378 | D:5      | Noticed Ijyb
  4399 | D:5      | Killed Ijyb
  4424 | D:5      | Reached XP level 8. HP: 49/49 MP: 8/8
  4598 | D:5      | Found a blossoming altar of Fedhas.
  4847 | D:5      | Found a snail-covered altar of Cheibriados.
  4886 | D:5      | Found a stormy altar of Qazlal.
  5168 | D:5      | Found a hazy altar of Hepliaklqana.
  5168 | D:5      | Found a white marble altar of Elyvilon.
  5168 | D:5      | Found a bloodstained altar of Trog.
  5168 | D:5      | Found a broken altar of Ashenzari.
  5175 | D:5      | Found a basalt altar of Yredelemnul.
  5182 | D:5      | Found a radiant altar of Vehumet.
  5673 | D:6      | Reached XP level 9. HP: 54/54 MP: 9/9
  5694 | D:5      | Reached skill level 15 in Slings
  5755 | D:6      | Reached skill level 1 in Evocations
  5836 | D:6      | Reached skill level 1 in Armour
  6014 | D:6      | Found a glowing silver altar of Zin.
  6058 | D:6      | Found an opulent altar of Gozag.
  6132 | D:6      | Found a stormy altar of Qazlal.
  6529 | D:7      | Found a shimmering blue altar of Sif Muna.
  6570 | D:7      | Found a staircase to the Ecumenical Temple.
  6601 | Temple   | Entered the Ecumenical Temple
  6608 | Temple   | Became a worshipper of Warmaster Okawaru
  6645 | D:7      | Found a roughly hewn altar of Beogh.
  7634 | D:7      | Reached * piety under Okawaru
  7835 | D:8      | Reached XP level 10. HP: 54/62 MP: 10/10
  8153 | D:8      | Found a bloodstained altar of Trog.
  8156 | D:8      | Noticed a wizard
  8161 | D:8      | Killed a wizard
  8236 | D:8      | Reached skill level 5 in Dodging
  8398 | D:8      | Noticed Pikel
  8414 | D:8      | Killed Pikel
  8628 | D:8      | Reached ** piety under Okawaru
  9061 | D:9      | Reached skill level 5 in Fighting
  9073 | D:9      | Reached skill level 5 in Evocations
  9169 | D:9      | Noticed a komodo dragon
  9474 | D:9      | Reached *** piety under Okawaru
  9481 | D:9      | Noticed a salamander
  9481 | D:9      | a yak changed into a salamander
  9507 | D:9      | Killed a salamander
  9785 | D:9      | Found a large runed translucent door.
  9786 | D:9      | Found a large runed translucent door.
  9786 | D:9      | Noticed a manticore
  9814 | D:9      | Found a large runed translucent door.
  9814 | D:9      | Found a large runed translucent door.
 10072 | D:9      | Found Cusky's Gadget Shop.
 10226 | D:9      | Killed a komodo dragon
 10227 | D:9      | Reached XP level 11. HP: 46/71 MP: 11/11
 10406 | D:9      | Reached **** piety under Okawaru
 10407 | D:9      | Reached skill level 5 in Stealth
 10564 | D:9      | Found a staircase to the Lair.
 10811 | D:9      | Got a translucent shortbow
 10812 | D:9      | Identified the +11 shortbow "Zalaumiplu" {speed, Int+5}
                  | (You found it on level 9 of the Dungeon)
 10822 | D:9      | Received a gift from Okawaru
 11032 | D:10     | Entered Level 10 of the Dungeon
 11246 | D:10     | Found a staircase to the Orcish Mines.
 11405 | D:10     | Noticed an orc knight
 11408 | D:10     | an orc knight changed into a swamp worm
 11630 | D:10     | Noticed an ettin
 11633 | D:10     | an ettin changed into a floating eye
 11900 | D:10     | Received a gift from Okawaru
 11901 | D:10     | Reached skill level 5 in Armour
 12074 | D:10     | Found Giul's Book Shop.
 12374 | Lair:1   | Entered Level 1 of the Lair of Beasts
 12566 | Lair:1   | Received a gift from Okawaru
 12802 | Lair:1   | Noticed a six-headed hydra
 12813 | Lair:1   | Killed a six-headed hydra
 12813 | Lair:1   | Reached ***** piety under Okawaru
 13062 | Lair:1   | Reached XP level 12. HP: 69/80 MP: 12/12
 13082 | Lair:1   | Received a gift from Okawaru
 13976 | Lair:2   | Received a gift from Okawaru
 14590 | Lair:2   | Received a gift from Okawaru
 14755 | Lair:2   | Received a gift from Okawaru
 14865 | Lair:2   | Noticed a five-headed hydra
 14886 | Lair:2   | Killed a five-headed hydra
 15731 | Lair:2   | Found a staircase to the Snake Pit.
 16310 | Lair:3   | Reached skill level 10 in Dodging
 16334 | Lair:3   | Received a gift from Okawaru
 16455 | Lair:3   | Reached XP level 13. HP: 89/89 MP: 13/13
 16793 | Lair:3   | Received a gift from Okawaru
 16806 | Lair:3   | Got a transparent fustibalus {god gift}
 16807 | Lair:3   | Identified the +6 fustibalus of Caeveth {flame, rF+ Int+4
                  | Dex-2} (Okawaru gifted it to you on level 3 of the Lair of
                  | Beasts)
 17049 | Lair:3   | Found a staircase to the Shoals.
 18342 | Lair:4   | Received a gift from Okawaru
 18905 | Lair:4   | Noticed Nergalle
 18919 | Lair:4   | Killed Nergalle
 18919 | Lair:4   | Reached ****** piety under Okawaru
 18919 | Lair:4   | Received a gift from Okawaru
 19374 | Lair:5   | Received a gift from Okawaru
 19445 | Lair:5   | Received a gift from Okawaru
 19446 | Lair:5   | Reached skill level 10 in Fighting
 19483 | Lair:5   | Noticed an eight-headed hydra
 19490 | Lair:5   | Killed an eight-headed hydra
 19515 | Lair:5   | Reached skill level 10 in Evocations
 19529 | Lair:5   | Received a gift from Okawaru
 19565 | Lair:5   | Reached XP level 14. HP: 99/99 MP: 14/14
 19674 | Lair:5   | Found a viscous altar of Jiyva.
 19676 | Lair:5   | Found a staircase to the Slime Pits.
 19695 | Lair:5   | Received a gift from Okawaru
 19795 | Lair:5   | Identified 2 scrolls of acquirement
 19796 | Lair:5   | Acquired 1147 gold pieces
 19797 | Lair:5   | Acquired a manual of Dodging
 20152 | Lair:6   | Entered Level 6 of the Lair of Beasts
 20244 | Lair:6   | Received a gift from Okawaru
 20801 | Lair:6   | Received a gift from Okawaru
 20802 | Lair:6   | Reached skill level 1 in Invocations
 21058 | Lair:6   | Received a gift from Okawaru
 21988 | Orc:1    | Entered Level 1 of the Orcish Mines
 21988 | Orc:1    | Noticed a stone giant
 22128 | Orc:1    | Noticed Urug
 22145 | Orc:1    | Killed a stone giant
 22160 | Orc:1    | Killed Urug
 22346 | Orc:2    | Entered Level 2 of the Orcish Mines
 22352 | Orc:2    | Found a transporter.
 22499 | Orc:1    | Received a gift from Okawaru
 22500 | Orc:1    | Noticed a stone giant
 22504 | Orc:1    | Reached XP level 15. HP: 107/107 MP: 17/17
 22517 | Orc:1    | Killed a stone giant
 22880 | Orc:2    | Received a gift from Okawaru
 23073 | Orc:2    | Found Isomnes's General Store.
 23073 | Orc:2    | Found Yropnedy's Weapon Boutique.
 23076 | Orc:2    | Found Fopyxa's Jewellery Shoppe.
 23076 | Orc:2    | Found Elyppiu's Assorted Antiques.
 23089 | Orc:2    | Bought a potion of invisibility for 280 gold pieces
 23089 | Orc:2    | Bought a scroll labelled ZITUFA TODD for 35 gold pieces
 23092 | Orc:2    | Bought a scroll of identify for 28 gold pieces
 23092 | Orc:2    | Bought a potion of haste for 140 gold pieces
 23092 | Orc:2    | Bought a scroll of identify for 28 gold pieces
 23178 | Orc:2    | Found a staircase to the Elven Halls.
 23240 | Orc:2    | Found a transporter.
 23260 | Orc:2    | Noticed willcat's ghost (journeyman DEVM)
 23602 | Orc:2    | Killed willcat's ghost
 23615 | Orc:2    | Got the ring of Yheuso Oqio {Int+6}
 24026 | D:11     | Found Figaig's Distillery.
 24034 | D:11     | Bought a potion of resistance for 140 gold pieces
 24034 | D:11     | Bought a potion of haste for 140 gold pieces
 24034 | D:11     | Bought a potion of invisibility for 112 gold pieces
 24034 | D:11     | Bought a potion of cancellation for 112 gold pieces
 24054 | D:11     | Reached skill level 10 in Armour
 24054 | D:11     | Received a gift from Okawaru
 24576 | D:12     | Received a gift from Okawaru
 24802 | D:12     | Noticed Jorgrun
 24994 | D:12     | Killed Jorgrun
 24995 | D:12     | Reached skill level 5 in Invocations
 25210 | D:12     | Received a gift from Okawaru
 25789 | D:13     | Reached XP level 16. HP: 116/116 MP: 19/19
 26781 | D:14     | Reached skill level 1 in Shields
 27358 | D:14     | Found a gate to the Vaults.
 27430 | D:14     | Received a gift from Okawaru
 27436 | D:14     | Identified the +1 chain mail "Ynemp" {+Blink Dex-5 SInv}
                  | (Okawaru gifted it to you on level 14 of the Dungeon)
 27663 | Snake:1  | Entered Level 1 of the Snake Pit
 27690 | Snake:1  | Noticed Kirke
 27706 | Snake:1  | Killed Kirke
 28131 | Snake:1  | Found Sarec's Jewellery Shoppe.
 28151 | Snake:1  | Bought a +4 ring of slaying for 858 gold pieces
 28724 | Snake:2  | Noticed Vashnia
 28754 | Snake:2  | Killed Vashnia
 28755 | Snake:2  | Reached skill level 5 in Shields
 28755 | Snake:2  | Reached XP level 17. HP: 74/123 MP: 15/22
 28778 | Snake:2  | Reached skill level 15 in Dodging
 28884 | Snake:2  | Received a gift from Okawaru
 28915 | Snake:2  | Received a gift from Okawaru
 29024 | Snake:2  | Noticed Frances
 29037 | Snake:2  | Killed Frances
 30681 | Snake:4  | Entered Level 4 of the Snake Pit
 30730 | Snake:4  | Received a gift from Okawaru
 30988 | Snake:4  | Found Asoc's Gadget Shop.
 30994 | Snake:4  | Found Jerr's Armour Boutique.
 30994 | Snake:4  | Found Fotycucs's Antique Weapon Shop.
 31008 | Snake:4  | Found Koroum's Weapon Boutique.
 31019 | Snake:4  | Bought a +1 helmet of see invisible for 181 gold pieces
 31052 | Snake:4  | Bought the +7 plate armour of Naedghi {rPois rF+ Str+3
                  | Dex+4} for 999 gold pieces
 31142 | Snake:4  | Reached XP level 18. HP: 110/131 MP: 24/24
 31144 | Snake:4  | Received a gift from Okawaru
 31216 | Snake:4  | Received a gift from Okawaru
 31256 | Snake:4  | Received a gift from Okawaru
 31325 | Snake:4  | Received a gift from Okawaru
 31491 | Snake:4  | Received a gift from Okawaru
 31967 | Snake:4  | Reached skill level 15 in Fighting
 32084 | Snake:4  | Got a serpentine rune of Zot
 32380 | Snake:4  | Reached skill level 10 in Invocations
 32380 | Snake:4  | Reached XP level 19. HP: 129/139 MP: 26/26
 32785 | Shoals:1 | Entered Level 1 of the Shoals
 32808 | Lair:3   | Received a gift from Okawaru
 33921 | Shoals:2 | Received a gift from Okawaru
 33953 | Shoals:2 | Found a runed translucent gate.
 33954 | Shoals:2 | Found a runed translucent gate.
 33954 | Shoals:2 | Found a runed translucent gate.
 33964 | Shoals:2 | Noticed Buvar's ghost (adept MiBe)
 34263 | Shoals:2 | Noticed Donald
 34271 | Shoals:2 | Killed Donald
 34271 | Shoals:2 | Received a gift from Okawaru
 34684 | Shoals:3 | Noticed Ilsuiw
 34712 | Shoals:3 | Killed Ilsuiw
 35030 | Shoals:4 | Entered Level 4 of the Shoals
 35733 | Shoals:4 | Reached XP level 20. HP: 117/147 MP: 27/27
 35870 | Shoals:4 | Received a gift from Okawaru
 35871 | Shoals:4 | Got a pitted hunting sling {god gift}
 35872 | Shoals:4 | Identified the +6 hunting sling of Vooveogi {vorpal, rPois
                  | MR+} (Okawaru gifted it to you on level 4 of the Shoals)
 36023 | Shoals:4 | Found Juywuex's Gadget Boutique.
 36335 | Shoals:4 | Got a barnacled rune of Zot
 37022 | Shoals:2 | Killed Buvar's ghost
 37067 | Shoals:2 | Identified the Papyrus of Aerial Dark Rites
 37283 | Elf:1    | Entered Level 1 of the Elven Halls
 37387 | Elf:1    | Noticed an Ice Fiend
 37390 | Elf:1    | Received a gift from Okawaru
 37391 | Elf:1    | Reached skill level 15 in Armour
 37518 | Elf:1    | Received a gift from Okawaru
 37519 | Elf:1    | Identified the Grimoire of Companions
 38158 | Elf:1    | Received a gift from Okawaru
 38289 | Elf:1    | Found a roughly hewn altar of Beogh.
 38389 | Elf:1    | Received a gift from Okawaru
 38711 | Elf:2    | Noticed Nikola
 38730 | Elf:2    | Killed Nikola
 39046 | Elf:2    | Gained mutation: You are partially covered in molten
                  | scales. (AC +2) [potion of mutation]
 39046 | Elf:2    | Gained mutation: You occasionally shout uncontrollably at
                  | your foes. [potion of mutation]
 39046 | Elf:2    | Gained mutation: You are partially covered in icy blue
                  | scales. (AC +2) [potion of mutation]
 39423 | Elf:2    | Found a runed translucent gate.
 39423 | Elf:2    | Found a runed translucent gate.
 39423 | Elf:2    | Found a runed translucent gate.
 39444 | Elf:2    | Found a runed translucent gate.
 39444 | Elf:2    | Found a runed translucent gate.
 39444 | Elf:2    | Found an iron altar of Okawaru.
 39444 | Elf:2    | Found a runed translucent gate.
 39444 | Elf:2    | Noticed Cuzxex's ghost (adept MiFi)
 39507 | Elf:2    | Reached XP level 21. HP: 156/156 MP: 28/28
 39598 | Elf:2    | Reached skill level 1 in Spellcasting
 40161 | Elf:3    | Entered Level 3 of the Elven Halls
 40261 | Elf:3    | Found Eqemacuw's Weapon Shoppe.
 40286 | Elf:3    | Bought 14 sling bullets for 98 gold pieces
 40332 | Elf:3    | Received a gift from Okawaru
 41035 | Elf:3    | Noticed a Tzitzimitl
 41131 | Elf:3    | Received a gift from Okawaru
 41160 | Elf:3    | Identified the cursed +2 quarterstaff of Floods {speed, rN+
                  | Str+3 SInv}
 41225 | Elf:3    | Received a gift from Okawaru
 41267 | Elf:3    | Identified the +10 plate armour "Kobuis" {MR- Regen+ Str+5
                  | Int+3}
 41279 | Elf:3    | Received a gift from Okawaru
 41511 | Elf:3    | Identified the +6 falchion of the Ecumenical Temple {holy,
                  | Fragile rPois Int+3}
 41529 | Elf:3    | Identified the +1 robe of Dogmatism {*Contam +Blink rElec
                  | rPois} (Okawaru gifted it to you on level 3 of the Elven
                  | Halls)
 41631 | Elf:3    | Reached XP level 22. HP: 164/164 MP: 29/29
 41665 | Elf:3    | Identified the ring of Zioloufa {rN+ Int+4}
 41675 | Elf:3    | Reached skill level 5 in Spellcasting
 41736 | Elf:3    | Identified Saoso's Disquisition on Shape Shifting
 41995 | Elf:2    | Killed Cuzxex's ghost
 42059 | Elf:2    | Identified the +2 leather armour of Infinity {rPois rN+++
                  | Int-3 Dex-5} (You found it on level 2 of the Elven Halls)
 42294 | Slime:1  | Entered Level 1 of the Pits of Slime
 43127 | Slime:5  | Entered Level 5 of the Pits of Slime
 43209 | Slime:5  | Received a gift from Okawaru
 43698 | Slime:5  | Received a gift from Okawaru
 43771 | Slime:5  | Noticed the Royal Jelly
 43869 | Slime:5  | Found a viscous altar of Jiyva.
 44111 | Slime:5  | Found the +6 shillelagh "Devastator" {shatter}
 44179 | Slime:5  | Killed the Royal Jelly
 44179 | Slime:5  | Received a gift from Okawaru
 44179 | Slime:5  | Received a gift from Okawaru
 44531 | Slime:5  | Got a slimy rune of Zot
 44569 | Slime:5  | Identified the ring "Keerghi" {Fire rElec MR++ SInv Stlth-}
                  | (You found it on level 5 of the Pits of Slime)
 44571 | Slime:5  | Identified the ring "Zahesib" {*Corrode rPois rF+ Int+4
                  | Dex+6} (You found it on level 5 of the Pits of Slime)
 45071 | Vaults:1 | Entered Level 1 of the Vaults
 45077 | Vaults:1 | Identified the +4 chain mail of Hairy Mirth {rC+} (You
                  | found it on level 1 of the Vaults)
 45191 | Vaults:1 | Received a gift from Okawaru
 45218 | Vaults:1 | Reached XP level 23. HP: 132/172 MP: 35/35
 45220 | Vaults:1 | Identified the +2 crystal plate armour of Ydiah {Rampage
                  | Str+2} (Okawaru gifted it to you on level 1 of the Vaults)
 45386 | Vaults:1 | Found a ruined gateway.
 45407 | Desolati | Entered the Desolation of Salt
 45616 | Desolati | Identified the Tome of Floating Changing
 46087 | Desolati | Identified the +6 spear of the Moth {protect, *Rage +Blink
                  | +Fly Int+2}
 46411 | Desolati | Identified the +1 chain mail of the Tanner {rF+ rC++
                  | Stlth+} (You found it in the Desolation of Salt)
 46427 | Desolati | Got a heavily runed bone amulet
 46428 | Desolati | Identified the amulet "Xoinon" {rN+ Regen+ Str+7} (You
                  | found it in the Desolation of Salt)
 46577 | Desolati | Identified the Disquisition on Snow
 47120 | Vaults:1 | Received a gift from Okawaru
 47309 | Vaults:1 | Received a gift from Okawaru
 48613 | Vaults:1 | Reached skill level 10 in Spellcasting
 48896 | Vaults:2 | Found a staircase to the Crypt.
 49230 | Vaults:2 | Noticed Margery
 49239 | Vaults:2 | Killed Margery
 49240 | Vaults:2 | Reached XP level 24. HP: 180/183 MP: 37/37
 49251 | Vaults:2 | Received a gift from Okawaru
 49317 | Vaults:2 | Found a portal to a secret trove of treasure.
 49586 | Vaults:2 | Received a gift from Okawaru
 51518 | Vaults:4 | Noticed Jory
 51559 | Vaults:4 | Killed Jory
 51815 | Vaults:4 | Received a gift from Okawaru
 51822 | Vaults:4 | Got a slimy hunting sling {god gift}
 51823 | Vaults:4 | Identified the +6 hunting sling of Honesty {vorpal, rPois
                  | Str+2 Dex-4} (Okawaru gifted it to you on level 4 of the
                  | Vaults)
 52379 | Vaults:4 | Noticed Mara
 52387 | Vaults:4 | Killed Mara
 52388 | Vaults:4 | Reached XP level 25. HP: 189/189 MP: 34/39
 52646 | Vaults:4 | Learned a level 5 spell: Borgnjor's Vile Clutch
 53083 | Temple   | Fell from the grace of Okawaru
 53083 | Temple   | Became a worshipper of the Shining One
 53314 | D:15     | Entered Level 15 of the Dungeon
 53340 | D:15     | Reached skill level 1 in Earth Magic
 53352 | D:15     | Reached skill level 1 in Necromancy
 53385 | D:15     | Found a staircase to the Depths.
 53421 | D:15     | Noticed Agnes
 53445 | D:14     | Killed Agnes
 53672 | D:9      | Bought a box of beasts for 520 gold pieces
 53672 | D:9      | Bought a wand of digging (6) for 260 gold pieces
 53672 | D:9      | Bought a wand of digging (7) for 286 gold pieces
 54359 | D:15     | Reached * piety under the Shining One
 54453 | D:15     | Identified the +2 plate armour "Plog" {Int+2}
 55089 | Depths:1 | Entered Level 1 of the Depths
 55165 | Depths:1 | Reached ** piety under the Shining One
 55223 | Depths:1 | Noticed Asterion
 55235 | Depths:1 | Killed Asterion
 55470 | Depths:1 | Found a gateway to Hell.
 55491 | Depths:1 | Noticed Saint Roka
 55511 | Depths:1 | Killed Saint Roka
 55709 | Depths:1 | Noticed Bai Suzhen
 55723 | Depths:1 | Killed Bai Suzhen
 56023 | Depths:1 | Reached skill level 10 in Shields
 56266 | Depths:1 | Reached *** piety under the Shining One
 56463 | Depths:2 | Noticed a juggernaut
 56487 | Depths:1 | Killed a juggernaut
 56654 | Depths:2 | Reached XP level 26. HP: 171/196 MP: 39/39
 56726 | Depths:2 | Found a corrupted altar of Lugonu.
 56727 | Depths:2 | Reached **** piety under the Shining One
 56854 | Depths:2 | Reached ***** piety under the Shining One
 57080 | Depths:2 | Found a transporter.
 57252 | Depths:2 | Identified the Catalogue of the Freezing Arsonist
 60434 | Vaults:2 | You paid a toll of a +7 demon whip to enter a treasure
                  | trove
 60435 | Trove    | Entered a treasure trove
 60443 | Trove    | Got a vibrating pewter ring
 60445 | Trove    | Got a flickering steel ring
 60454 | Trove    | Got a brightly glowing lead ring
 60456 | Trove    | Got a bound turquoise ring
 60459 | Trove    | Got a warped ivory amulet
 60461 | Trove    | Got a scorched platinum ring
 60462 | Trove    | Was forgiven by Okawaru
 60487 | Trove    | Got a coiled iron amulet
 60489 | Trove    | Got a crude tin ring
 60491 | Trove    | Got a bound silver ring
 60512 | Vaults:2 | Identified the ring "Emaafos" {rElec rC++ MR+ AC+4 Int-4}
                  | (You found it in a treasure trove)
 60513 | Vaults:2 | Identified the ring of Unnopick {MR++ MP+9} (You found it
                  | in a treasure trove)
 60514 | Vaults:2 | Identified the ring of Niprongu {*Slow MR+ Str+8 Int+8}
                  | (You found it in a treasure trove)
 60515 | Vaults:2 | Identified the ring "Usuruh Din" {Ice *Slow Int+6} (You
                  | found it in a treasure trove)
 60516 | Vaults:2 | Identified the amulet "Zalaotu" {Reflect rPois rC+ rN+++
                  | SH+5} (You found it in a treasure trove)
 60517 | Vaults:2 | Identified the ring "Teevvon" {rC+ Int+6 Stlth+} (You found
                  | it in a treasure trove)
 60522 | Vaults:2 | Identified the ring of Ykerinix {Slay+2 SInv} (You found it
                  | in a treasure trove)
 60523 | Vaults:2 | Identified the amulet "Lata Hicaif" {Inacc rElec} (You
                  | found it in a treasure trove)
 60524 | Vaults:2 | Identified the ring "Vygaism" {rF+ Dex+4 Stlth+} (You found
                  | it in a treasure trove)
 60870 | Orc:2    | Bought an embroidered cloak for 262 gold pieces
 61151 | Depths:3 | Found a one-way gate to the infinite horrors of the Abyss.
 61151 | Depths:3 | Identified the +7 hunting sling "Xacesi" {venom, rElec
                  | Int+4}
 61424 | Depths:3 | Reached skill level 15 in Shields
 61448 | Depths:3 | Found a one-way gate leading to the halls of Pandemonium.
 61593 | Depths:3 | Found Qetawipn's Antique Weapon Emporium.
 61655 | Depths:3 | Reached XP level 27. HP: 187/201 MP: 39/39
 61876 | Depths:3 | Reached ****** piety under the Shining One
 63278 | Depths:4 | Reached skill level 15 in Invocations
 63529 | Depths:4 | Found a gateway to a ziggurat.
 63536 | Depths:4 | Noticed Frederick
 63542 | Depths:4 | Killed Frederick
 63590 | Depths:4 | Noticed Xtahua
 63602 | Depths:4 | Killed Xtahua
 63656 | Depths:4 | Found a runed translucent door.
 63656 | Depths:4 | Found a shimmering altar of Xom.
 63656 | Depths:4 | Noticed Latzuirhuv's ghost (adept HaHu)
 64651 | Depths:4 | Identified a +6 fustibalus of holy wrath (a +4 fustibalus
                  | blessed by the Shining One)
 64651 | Depths:4 | Received a gift from the Shining One
 64689 | Depths:4 | Killed Latzuirhuv's ghost
 64776 | Depths:4 | Learned a level 3 spell: Portal Projectile
 64928 | Depths:4 | Reached skill level 1 in Translocations
 64930 | Depths:4 | Learned a level 1 spell: Apportation
 64951 | Depths:4 | Found Sauladdu's Superlative Supplies.
 64956 | Depths:4 | Bought a manual of Shields for 1987 gold pieces
 64975 | Depths:4 | Reached skill level 1 in Hexes
 65130 | Depths:5 | Entered Level 5 of the Depths
 65418 | Depths:5 | Found a gate to the Realm of Zot.
 65935 | Depths:5 | Reached skill level 5 in Translocations
 66613 | Crypt:1  | Entered Level 1 of the Crypt
 66792 | Crypt:1  | Identified the amulet of Nefry {RegenMP rPois rC+ Stlth+}
                  | (You found it on level 1 of the Crypt)
 67937 | Crypt:2  | Found an ancient bone altar of Kikubaaqudgha.
 68026 | Crypt:2  | Noticed Houmnergh's ghost (master GnTm)
 68030 | Crypt:2  | Identified the +5 glaive of Ravage {distort, Dex+7}
 68046 | Crypt:2  | Found a transporter.
 68061 | Crypt:2  | Found a transporter.
 68299 | Crypt:3  | Entered Level 3 of the Crypt
 68495 | Crypt:3  | Identified the +0 buckler "Katet" {rPois MR- Str+5 Stlth+}
                  | (You found it on level 3 of the Crypt)
 68761 | Crypt:3  | Found a staircase to the Tomb.
 69297 | Crypt:3  | Found a basalt altar of Yredelemnul.
 69494 | Crypt:3  | Identified the Papyrus of Quantum Battle Magic
 69511 | Crypt:3  | Found the +7 Singing Sword {vorpal, sonic wave}
 69554 | Crypt:3  | Got a scorched bone ring
 69554 | Crypt:3  | Got an ancient silver ring
 69555 | Crypt:3  | Identified the ring "Bawud" {+Blink rC+ rN+ Str+4} (You
                  | found it on level 3 of the Crypt)
 69556 | Crypt:3  | Identified the ring "Zoepeej" {rN+ Str+3 Dex+3} (You found
                  | it on level 3 of the Crypt)
 70720 | Depths:4 | Bought a manual of Spellcasting for 1987 gold pieces
 70723 | Depths:4 | Learned a level 2 spell: Swiftness
 72385 | Vaults:5 | Entered Level 5 of the Vaults
 72385 | Vaults:5 | Noticed Mennas
 72390 | Vaults:5 | Noticed an ancient lich
 72401 | Vaults:5 | Reached skill level 1 in Air Magic
 72411 | Vaults:5 | Reached skill level 2 in Air Magic
 72418 | Vaults:5 | Killed an ancient lich
 72419 | Vaults:5 | Reached skill level 3 in Air Magic
 72453 | Vaults:5 | Reached skill level 4 in Air Magic
 72497 | Vaults:5 | Killed Mennas
 72498 | Vaults:5 | Reached skill level 5 in Air Magic
 72521 | Vaults:5 | Reached skill level 6 in Air Magic
 72636 | Vaults:5 | Reached skill level 7 in Air Magic
 72709 | Vaults:5 | Reached skill level 8 in Air Magic
 72753 | Vaults:5 | Identified the ring "Wylopag" {+Fly Str+5}
 72841 | Vaults:5 | Reached skill level 9 in Air Magic
 72969 | Vaults:5 | Got a silver rune of Zot
 73121 | Vaults:5 | Reached skill level 10 in Air Magic
 73240 | Vaults:5 | Identified the +5 glaive of Regicide {freeze, *Contam rC+
                  | MR+ Int+4}
 73347 | Vaults:5 | Reached skill level 11 in Air Magic
 73679 | Vaults:5 | Identified the ring "Xun Peaguff" {rCorr Dex+2}
 74508 | Shoals:2 | Identified the +1 ring mail of the Lily {Harm rPois Regen+
                  | Str-3} (Okawaru gifted it to you on level 2 of the Shoals)
 74523 | Shoals:2 | Learned a level 6 spell: Conjure Ball Lightning
 74532 | Shoals:2 | Learned a level 8 spell: Chain Lightning
 74942 | Depths:2 | Found a transporter.
 74947 | Depths:2 | Paralysed by accursed screaming for 2 turns
 74976 | Depths:2 | Reached skill level 1 in Conjurations
 74976 | Depths:2 | Reached skill level 12 in Air Magic
 75078 | Depths:2 | Got a sparkling copper amulet
 75079 | Depths:2 | Identified the amulet of the Tempest {Faith rF+ Dex+8} (You
                  | found it on level 2 of the Depths)
 75219 | Depths:3 | Voluntarily entered the Abyss.
 75470 | Abyss:1  | Found a corrupted altar of Lugonu.
 75473 | Abyss:1  | Identified the +1 robe of Apathy {Harm *Slow rPois Str+2}
                  | (You found it on level 1 of the Abyss)
 75689 | Abyss:1  | Reached skill level 15 in Spellcasting
 75793 | Depths:3 | Escaped the Abyss
 76929 | Depths:3 | Voluntarily entered the Abyss.
 76937 | Abyss:1  | Found a corrupted altar of Lugonu.
 77154 | Abyss:1  | Reached skill level 13 in Air Magic
 77369 | Abyss:2  | Found a corrupted altar of Lugonu.
 77601 | Abyss:2  | Paralysed by you for 5 turns
 77960 | Abyss:3  | Found a corrupted altar of Lugonu.
 78122 | Abyss:3  | Got an abyssal rune of Zot
 78136 | Depths:3 | Escaped the Abyss
 78140 | Depths:3 | Voluntarily entered the Abyss.
 78237 | Abyss:1  | Gained mutation: You are dopey. (Int -2) [a neqoxec]
 78519 | Abyss:1  | Reached skill level 14 in Air Magic
 78553 | Depths:3 | Escaped the Abyss
 78656 | Depths:4 | Bought a book of the Sky for 1170 gold pieces
 78666 | Depths:4 | Learned a level 9 spell: Tornado
 78702 | Pan      | Entered Pandemonium
 78851 | Pan      | Reached skill level 5 in Conjurations
 78959 | Pan      | Noticed Wocepic the pandemonium lord
 78968 | Pan      | Identified the +1 tower shield "Vasipn Faddu" {+Inv rElec
                  | MR+}
 78980 | Pan      | Killed Wocepic the pandemonium lord
 79599 | Pan      | Gained mutation: You are occasionally teleported next to
                  | monsters. [a cacodemon]
 79637 | Pan      | Reached skill level 15 in Air Magic
 79657 | Pan      | Lost mutation: You occasionally shout uncontrollably at
                  | your foes. [potion of mutation]
 79657 | Pan      | Lost mutation: You are partially covered in molten scales.
                  | (AC +2) [potion of mutation]
 79657 | Pan      | Gained mutation: You are weak. (Str -2) [potion of
                  | mutation]
 79657 | Pan      | Gained mutation: You have supernaturally acute eyesight.
                  | (SInv) [potion of mutation]
 79658 | Pan      | Lost mutation: You are weak. (Str -2) [potion of mutation]
 79658 | Pan      | Lost mutation: You are dopey. (Int -2) [potion of mutation]
 79658 | Pan      | Gained mutation: You are partially covered in molten
                  | scales. (AC +2) [potion of mutation]
 79658 | Pan      | Gained mutation: You expend magic power (3 MP) to
                  | strengthen your wands. [potion of mutation]
 79659 | Pan      | Lost mutation: You are occasionally teleported next to
                  | monsters. [potion of mutation]
 79659 | Pan      | Lost mutation: You have supernaturally acute eyesight.
                  | (SInv) [potion of mutation]
 79659 | Pan      | Lost mutation: You expend magic power (3 MP) to strengthen
                  | your wands. [potion of mutation]
 79659 | Pan      | Lost mutation: You are partially covered in molten scales.
                  | (AC +2) [potion of mutation]
 79659 | Pan      | Gained mutation: You are clumsy. (Dex -2) [potion of
                  | mutation]
 79857 | Pan      | Noticed Ugeh the pandemonium lord
 79880 | Pan      | Killed Ugeh the pandemonium lord
 80067 | Pan      | Found an exit through the horrors of the Abyss.
 80299 | Pan      | Gained mutation: You are very clumsy. (Dex -4) [a
                  | cacodemon]
 80443 | Pan      | Found a huge runed translucent gate.
 80476 | Pan      | Found a huge runed translucent gate.
 80479 | Pan      | Found a huge runed translucent gate.
 81184 | Pan      | Reached skill level 16 in Air Magic
 81203 | Pan      | Found a huge runed translucent gate.
 81203 | Pan      | Found a huge runed translucent gate.
 81216 | Pan      | Found a huge runed translucent gate.
 81216 | Pan      | Found a huge runed translucent gate.
 81229 | Pan      | Noticed Syiresch the pandemonium lord
 81246 | Pan      | Killed Syiresch the pandemonium lord
 81337 | Pan      | Entered the realm of Gloorx Vloq.
 81353 | Pan      | Found an exit through the horrors of the Abyss.
 81656 | Pan      | Noticed Gloorx Vloq
 81673 | Pan      | Killed Gloorx Vloq
 81674 | Pan      | Reached skill level 17 in Air Magic
 81756 | Pan      | Got a dark rune of Zot
 81958 | Pan      | Took an exit into the Abyss.
 81958 | Abyss:1  | Escaped into the Abyss
 82026 | Depths:4 | Escaped the Abyss
 82071 | Zot:1    | Entered Level 1 of the Realm of Zot
 82147 | Zot:1    | Reached skill level 18 in Air Magic
 82386 | Zot:1    | Identified the +2 robe of the Pink Corner {-Tele Str-5
                  | Dex+9 SInv} (You found it on level 1 of the Realm of Zot)
 82564 | Zot:1    | Noticed an orb of fire
 82578 | Zot:1    | Killed an orb of fire
 82956 | Zot:2    | Reached skill level 10 in Conjurations
 82988 | Zot:2    | Reached skill level 19 in Air Magic
 84071 | Zot:2    | You fall into a shaft and drop 1 floor!
 84284 | Zot:2    | Reached skill level 20 in Air Magic
 84762 | Zot:3    | Reached skill level 21 in Air Magic
 85630 | Zot:3    | Found a runed translucent gate.
 85631 | Zot:3    | Found a runed translucent gate.
 85633 | Zot:3    | Found a runed translucent gate.
 85634 | Zot:3    | Found an opulent altar of Gozag.
 85635 | Zot:3    | Noticed wilo's ghost (master MfBe)
 85931 | Zot:4    | Reached skill level 22 in Air Magic
 87190 | Zot:4    | Reached skill level 23 in Air Magic
 87571 | Zot:5    | Entered Level 5 of the Realm of Zot
 87585 | Zot:5    | Noticed a Killer Klown
 87601 | Zot:5    | Killed a Killer Klown
 88474 | Zig:1    | Entered Level 1 of a ziggurat
 88475 | Zig:1    | Noticed Ole Ogon the pandemonium lord
 88486 | Zig:1    | Killed Ole Ogon the pandemonium lord
 88602 | Zig:2    | Entered Level 2 of a ziggurat
 88640 | Zig:3    | Entered Level 3 of a ziggurat
 88690 | Zig:4    | Entered Level 4 of a ziggurat
 88703 | Zig:4    | Identified the Compendium of Air
 88728 | Zig:5    | Entered Level 5 of a ziggurat
 88804 | Zig:6    | Entered Level 6 of a ziggurat
 88877 | Zig:7    | Entered Level 7 of a ziggurat
 88883 | Zig:7    | Found the +9 scales of the Dragon King {rPois rF+ rC+ MR+}
 88889 | Zig:7    | Reached skill level 24 in Air Magic
 88894 | Zig:7    | Identified the ring "Cote" {*Corrode rPois Int+4 Dex+3
                  | Slay+6} (You found it on level 7 of a ziggurat)
 88976 | Zig:8    | Entered Level 8 of a ziggurat
 88982 | Zig:8    | Noticed Laumpeh the pandemonium lord
 89000 | Zig:8    | Killed Laumpeh the pandemonium lord
 89111 | Zig:9    | Entered Level 9 of a ziggurat
 89116 | Zig:9    | Noticed Akkithes the pandemonium lord
 89135 | Zig:9    | Killed Akkithes the pandemonium lord
 89136 | Zig:9    | Reached skill level 25 in Air Magic
 89201 | Zig:9    | Identified Qyrats Rock's Disquisition on Lightness and
                  | Battle Magic
 89208 | Zig:10   | Entered Level 10 of a ziggurat
 89253 | Zig:10   | Identified the ring of Zylua {rN+ Str+2 Int+4 SInv} (You
                  | found it on level 10 of a ziggurat)
 89256 | Zig:10   | Identified Zeffylot's Papyrus of Black Rituals and Stones
 89347 | Zig:11   | Entered Level 11 of a ziggurat
 89448 | Zig:12   | Entered Level 12 of a ziggurat
 89459 | Zig:12   | Noticed a royal mummy
 89471 | Zig:12   | Killed a royal mummy
 89628 | Pan      | Entered Pandemonium
 89649 | Pan      | Entered the realm of Mnoleg.
 89745 | Pan      | Reached skill level 26 in Air Magic
 89861 | Pan      | Identified the +3 leather armour of Mental Paralysis {-Tele
                  | rElec Int+2 Slay+5} (You found it in Pandemonium)
 89880 | Pan      | Noticed Mnoleg
 89902 | Pan      | HP: 9/205 [shot self (8)]
 89902 | Pan      | Gained mutation: Armour fits poorly on your strangely
                  | shaped body. [Mnoleg's mutagenic touch]
 89902 | Pan      | HP: 2/205 [Mnoleg (6)]
 89902 | Pan      | The Shining One protects you from harm!
 89902 | Pan      | Slain by a tentacled monstrosity

Illustrated notes

Levels and vault maps discovered:
D:1:      minmay_arrival_checkered_box, layout_basic, minivault_24, minivault_23
D:2:      layout_rooms, chequers_ecumenical_altar_twisty, chequers_avenue,
          dk_noncrumbling_3, chequers_mini_garden
D:3:      wad_crossroads, layout_basic, kennysheep_vampire_church,
          nemelex_xobeh_ov_fountains_minmay
D:4:      layout_basic, ebering_ghost_sewer_f
D:5:      layout_gridville, marbit_many_paths, fedhas_altar_4,
          minmay_overflow_temple_hex, basic_altar, minmay_quadrilaterals,
          uniq_ijyb
D:6:      layout_gridville, grunt_temple_overflow_gold_and_silver,
          lemuel_coloured_pillars_altar, chequers_serial_rivers_small_b,
          minmay_misc_feat_enclosed, roderic_roman_lattice
D:7:      layout_basic, minmay_temple_entry_antechambers, basic_altar,
          david_defended_altar_orc
D:8:      layout_basic, trog_wizard, uniq_pikel
D:9:      layout_layer_cave, erik_lair_dragon, serial_shops, shop, st_stairs_13,
          minmay_hollow_rounded_squares
D:10:     layout_roguey, minmay_orc_entry_guard_dogs, serial_shops,
          kennysheep_mini, hangedman_abyss_or_decor_stabs, minmay_three_doors
D:11:     layout_basic, serial_shops, shop
D:12:     cheibrodos_fzero, layout_basic, corner_web_ring, minivault_7,
          uniq_jorgrun
D:13:     layout_basic
D:14:     layout_basic, ximxim_vaults_locker_room, abandoned_shop,
          palyth_stone_intersect
D:15:     hangedman_depths_entry_civil_slaughter, layout_stronghold,
          minmay_misc_feat_tiny, uniq_agnes
Temple:   compressed_dpeg_triangle_lava_temple
Lair:1:   layout_chaotic_city, serial_bayou, serial_bayou_pond_b,
          serial_bayou_pond_a, serial_bayou_lagoon_b, serial_bayou_ford_a
Lair:2:   beast_lair_carwin_large_2, layout_loops_ring, dummy_snake_entry,
          hangedman_lair_unloving_vines, hangedman_lair_generics_rect
Lair:3:   layout_chaotic_city, elwin_shoals_entry_rooms, grunt_megastairs_4
Lair:4:   layout_gridlike, infiniplex_staircase_pool_2, grunt_megastairs_3,
          serial_bayou_shore_a, serial_bayou_shore_b, minmay_lair_oklob_chamber,
          uniq_nergalle
Lair:5:   layout_long_grid, slime_altar_1, infiniplex_staircase_pool
Lair:6:   evilmike_catoblepas_cave, layout_loops_ring
Shoals:1: layout_shoals, overgrown_statue
Shoals:2: layout_shoals, gammafunk_ghost_split, uniq_donald
Shoals:3: layout_shoals, nicolae_shoals_arrival_archipelago, uniq_ilsuiw
Shoals:4: shoals_end_grunt_garden, layout_shoals, serial_shops, shop_coins,
          nicolae_shoals_drake_roost
Snake:1:  layout_cave_shapes, minmay_shop_enchanted_jewellery, uniq_kirke
Snake:2:  layout_onion_interference, st_stairs_6, uniq_vashnia, uniq_frances
Snake:3:  layout_basic
Snake:4:  snake_pit_salamanders_mu, layout_cave_town, drop_trap,
          minmay_snake_pond, minmay_shoptagon
Slime:1:  layout_caves
Slime:2:  layout_caves
Slime:3:  layout_caves
Slime:4:  layout_caves
Slime:5
Orc:1:    layout_caves, uniq_urug
Orc:2:    grunt_orc_tribal_feast, layout_caves, gammafunk_ghost_stat_death
Elf:1:    minmay_elf_arrival_circle, layout_gridlike, special_room
          [special_room_orc], minmay_elf_demonology
Elf:2:    layout_onion_city, gammafunk_ghost_fury_of_okawaru,
          lemuel_flamethrower_hall, uniq_nikola
Elf:3:    elf_hall, layout_gridlike, serial_shops, shop_statue, minivault_4
Vaults:1: v_pattern_5, nicolae_vaults_shelves_hall, nicolae_vaults_alarming,
          nicolae_vaults_little_ls, ontoclasm_vaults_ligature, v_misc_14,
          hangedman_vaults_trim, vaults_room_grid, v_misc_18, vaults_room_boxed,
          v_misc_8, nicolae_vaults_three_branches,
          nicolae_vaults_little_squares_3, nicolae_vaults_ring_of_whatevers,
          layout_vaults_omnicross, portal_desolation_entry_ruin
Vaults:2: hangedman_vaults_restitches, blue_anna_dwarven_crypt, v_pattern_3,
          nicolae_vaults_puzzle_piece, hangedman_vaults_variations, v_misc_1,
          nicolae_vaults_puzzle_piece, layout_vaults_omnibox,
          nicolae_trove_entry_path_of_doom, uniq_margery
Vaults:3: grunt_vaults_bifocal, vaults_dpeg_doors, st_diamondy, v_alt_pattern_6,
          v_misc_27, nicolae_vaults_rhombus_6, layout_vaults_ring
Vaults:4: nicolae_vaults_puzzle_piece, nicolae_vaults_hallways_thing, v_misc_11,
          serial_ice_h, vaults_room_pool, v_misc_26, grunt_vaults_funnel,
          layout_vaults_omnigrid, uniq_jory, uniq_mara
Vaults:5: uniq_mennas
Crypt:1:  layout_misc_corridors
Crypt:2:  layout_chaotic_city, basic_altar, gammafunk_ghost_abyssal_escape
Crypt:3:  evilmike_haunted_forest
Depths:1: layout_gridlike, minivault_11, hell_entry, minmay_starry_boxes,
          uniq_saint_roka, uniq_asterion, uniq_bai_suzhen
Depths:2: gammafunk_corrupted_shrine, layout_cave_pools, hell_entry,
          horrible_house_mu, minmay_staircase_statues
Depths:3: cheibrodos_spurs, layout_long_grid, grunt_pan_entry_sceptre,
          hell_entry, abyss_entry, serial_shops, shop, hangedman_aviary,
          infiniplex_staircase_zigzag_1
Depths:4: minmay_three_patterns, layout_basic, enter_ziggurat_e,
          ebering_ghost_xom, abyss_entry, rand_demon_pan_entry_9,
          pf_vacation_house_of_asmodeus, grunt_decor_arrowhead,
          hex_intersection, nicolae_alphabet_shops, minmay_staircase_bubble,
          uniq_xtahua, uniq_frederick
Depths:5: grunt_twist_and_shout, layout_honeycomb, minmay_misc_feat_pillars,
          hellmouth_1, abyss_entry
Zot:1:    layout_misc_corridors
Zot:2:    kennysheep_oblong_rooms, layout_twisted_circle,
          amethyst_zot_foddershock
Zot:3:    nicolae_moth_party, layout_misc_corridors, ebering_ghost_gozag,
          zot_minivault_8
Zot:4:    layout_concentric_octagons
Zot:5:    layout_misc_corridors
Pan:      grunt_pan_zigzag, layout_basic, evilmike_mini_pan_possible_glass,
          layout_gridville, nicolae_pan_giant_door, layout_rooms,
          pan_blood_fountain_small, pan_blood_fountain_2,
          nicolae_pan_sigil_uleosi, nicolae_pan_lom_lobonic_1, gloorx_vloq,
          layout_irregular_city, rand_demon_6, layout_small_grid, mnoleg,
          layout_small_grid, pan_blood_fountain_small

Skill      XL: |  1  2  3  4  5  6  7  8  9 10 11 12 13 14 15 16 17 18 19 20 21 22 23 24 25 26 27 |
---------------+----------------------------------------------------------------------------------+-----
Slings         | 6 7 8 9 11 12 14 15 16 17 18 19 20 21 | 21.0
Fighting       | 3 5 7 8 10 11 12 13 14 15 16 17 18 20 21 | 21.2
Evocations     | 3 5 7 9 10 11 12 13 | 13.0
Armour         | 2 4 5 6 8 9 10 11 12 14 15 16 20 | 20.1
Dodging        | 4 6 8 10 11 12 13 14 16 17 18 19 20 | 20.0
Stealth        | 3 4 6 7 |  7.6
Invocations    | 2 5 6 8 10 12 13 15 | 15.0
Shields        | 5 6 11 15 22 | 22.0
Spellcasting   | 4 8 10 12 15 | 15.4
Earth Magic    | 3 |  3.2
Necromancy     | 2 |  2.5
Translocations | 5 |  5.0
Hexes          | 3 |  3.0
Air Magic      | 26 | 26.0
Conjurations   | 10 | 10.0

Action                   |  1- 3 |  4- 6 |  7- 9 | 10-12 | 13-15 | 16-18 | 19-21 | 22-24 | 25-27 || total
-------------------------+-------+-------+-------+-------+-------+-------+-------+-------+-------++-------
Melee: Hunting sling     |       |       |       |     2 |       |       |       |       |       ||     2
       Fustibalus        |       |       |       |       |       |       |       |       |    25 ||    25
       Rapier            |       |       |       |       |       |       |       |       |     7 ||     7
 Fire: Hunting sling     |    78 |   193 |   669 |  1438 |    90 |       |       |       |    35 ||  2503
       Fustibalus        |       |       |       |       |  1350 |  1109 |  1719 |  2023 |  7094 || 13295
Throw: Throwing net      |       |       |       |       |       |       |     1 |     2 |     2 ||     5
 Cast: Portal Projectile |       |       |       |       |       |       |       |       |    25 ||    25
       Chain Lightning   |       |       |       |       |       |       |       |       |    19 ||    19
       Tornado           |       |       |       |       |       |       |       |       |    18 ||    18
       Conjure Ball Ligh |       |       |       |       |       |       |       |       |     7 ||     7
       Apportation       |       |       |       |       |       |       |       |       |     3 ||     3
Invok: Finesse           |       |       |       |       |     3 |     4 |     8 |     8 |       ||    23
       Heroism           |       |       |       |       |       |     1 |     1 |     6 |       ||     8
       Divine Shield     |       |       |       |       |       |       |       |       |    29 ||    29
       Summon Divine War |       |       |       |       |       |       |       |       |    16 ||    16
       Brand Weapon With |       |       |       |       |       |       |       |       |     1 ||     1
Evoke: Wand              |       |       |       |    30 |     3 |     2 |     7 |    16 |    28 ||    86
       Phial of floods   |       |       |       |       |       |     1 |     1 |       |       ||     2
       Lightning rod     |       |       |       |       |       |       |     8 |       |    13 ||    21
       Condenser vane    |       |       |       |       |       |       |       |     2 |     2 ||     4
       Box of beasts     |       |       |       |       |       |       |       |       |     7 ||     7
       Tin of tremorston |       |       |       |       |       |       |       |       |     2 ||     2
  Use: Scroll            |       |       |    13 |    12 |    14 |     5 |     6 |    14 |    49 ||   113
       Potion            |       |       |       |     1 |     1 |     6 |     3 |     3 |    18 ||    32
Armor: Leather armour    |     2 |     7 |    31 |       |       |       |       |       |       ||    40
       Skin              |       |       |     2 |       |       |       |       |       |       ||     2
       Ring mail         |       |       |     8 |    81 |    62 |    32 |    67 |       |       ||   250
       Acid dragon scale |       |       |       |       |    18 |       |       |       |       ||    18
       Plate armour      |       |       |       |       |       |    37 |     9 |   128 |       ||   174
       Chain mail        |       |       |       |       |       |       |       |    85 |   813 ||   898
Dodge: Dodged            |    14 |    32 |   148 |   485 |   472 |   211 |   285 |   543 |  2408 ||  4598
Block: Other             |       |    11 |    38 |   153 |    29 |       |       |       |       ||   231
       Reflection        |       |     1 |     2 |     4 |       |    19 |    45 |    11 |    70 ||   152
       Buckler           |       |       |       |       |       |    98 |   223 |   318 |   844 ||  1483
       Kite shield       |       |       |       |       |       |       |       |       |  2166 ||  2166

Table legend: (Time is in decaauts)
 A = Elapsed time spent in this place.
 B = Non-inter-level travel time spent in this place.
 C = Inter-level travel time spent in this place.
 D = Time resting spent in this place.
 E = Time spent auto-exploring this place.
 F = Levels seen in this place.
 G = Mean time per level.
                   A        B        C        D        E       F      G
               +--------+--------+--------+--------+--------+-----+--------+
         Total |  85520 |  72152 |  13368 |  10242 |  39470 |  84 | 1018.1 |
       Dungeon |  21930 |  16664 |   5266 |   2565 |  10493 |  15 | 1462.0 |
        Temple |     99 |     74 |     25 |      0 |     57 |   1 |   99.0 |
          Lair |  10507 |   8799 |   1708 |   2317 |   4720 |   6 | 1751.2 |
        Shoals |   4303 |   3721 |    582 |    144 |   2434 |   4 | 1075.8 |
     Snake Pit |   4953 |   4626 |    327 |    954 |   2570 |   4 | 1238.2 |
    Slime Pits |   2464 |   2158 |    306 |   1082 |    263 |   5 |  492.8 |
  Orcish Mines |   1729 |   1467 |    262 |      5 |    886 |   2 |  864.5 |
   Elven Halls |   5086 |   4407 |    679 |    466 |   2383 |   3 | 1695.3 |
        Vaults |   7888 |   6380 |   1508 |    191 |   3806 |   5 | 1577.6 |
         Crypt |   3688 |   3279 |    409 |    139 |   1752 |   3 | 1229.3 |
        Depths |   9392 |   7468 |   1924 |    801 |   3762 |   5 | 1878.4 |
           Zot |   5611 |   5243 |    368 |    669 |   2969 |   5 | 1122.2 |
         Abyss |   2070 |   2070 |      0 |      4 |   1020 |   6 |  345.0 |
   Pandemonium |   3256 |   3256 |      0 |    165 |   1745 |   6 |  542.7 |
      Ziggurat |   1125 |   1125 |      0 |    493 |      0 |  12 |   93.8 |
         Trove |     61 |     61 |      0 |      0 |      0 |   1 |   61.0 |
    Desolation |   1351 |   1351 |      0 |    242 |    608 |   1 | 1351.0 |
               +--------+--------+--------+--------+--------+-----+--------+

Top non-repeatable levels by time:
     D:9: 3238 daAuts
Depths:3: 2918 daAuts
    D:10: 2444 daAuts
  Lair:1: 2239 daAuts
Depths:4: 2198 daAuts
  Lair:3: 2156 daAuts
  Lair:2: 2005 daAuts
 Crypt:3: 1972 daAuts
Vaults:1: 1950 daAuts
    D:14: 1949 daAuts
Depths:1: 1932 daAuts
   Elf:3: 1871 daAuts
    D:12: 1835 daAuts
   Elf:2: 1770 daAuts
Vaults:2: 1764 daAuts
